 Dungeon Crawl Stone Soup version 0.29.1-15-g9cfb28693d (webtiles) character file.

Game seed: 1294984985256198757

247608 monsoonserge the Bludgeoner (level 18, -2/231 (235) HPs)
             Began as a Palentonga Fighter on Apr 28, 2023.
             Was the Champion of Qazlal.
             Slain by a +0 morningstar of draining (3 damage)
             ... on level 2 of the Elven Halls on Apr 29, 2023.
             The game lasted 05:30:43 (29751 turns).

monsoonserge the Bludgeoner (Palentonga Fighter)   Turns: 29751, Time: 05:30:43

HP:   -2/231 (235)  AC: 39    Str: 32    XL:     18   Next: 82%
MP:   15/25         EV:  4    Int:  7    God:    Qazlal [******]
Gold: 4847          SH: 30    Dex: 16    Spells: 17/17 levels left

rFire   + + .      SeeInvis +   c - +8 eveningstar of Lopykher {drain, +Blink Will+}
rCold   . . .      Faith    .   T - +0 tower shield
rNeg    . . .      Spirit   .   S - +1 plate armour {rPois}
rPois   +          Reflect  +   R - +1 hat {Will+}
rElec   +          Harm     .   p - +2 cloak
rCorr   .          Rampage  .   e - +2 pair of gloves {hurl}
Will    +++..                   q - +0 barding {rF+}
Stlth   ..........              Q - amulet "Uffeohipt" {Reflect rElec Regen+ Str+3 Int-2 SH+5}
HPRegen 1.28/turn               U - ring of protection from fire
MPRegen 0.19/turn               I - +6 ring of dexterity

@: berserking, protected from physical damage, lightly drained, repel missiles,
curled up, very quick
A: large, rugged brown scales 3, see invisible, deformed body, roll 1, armoured
tail, reflexive curl, MP-powered wands
}: 2/15 runes: serpentine, barnacled
a: Rolling Charge, Renounce Religion, Evoke Blink, Upheaval, Elemental Force,
Disaster Area


You were on level 2 of the Elven Halls.
You worshipped Qazlal.
Qazlal was exalted by your worship.
You visited 7 branches of the dungeon, and saw 31 of its levels.
You also visited: Sewer and Bailey.

You collected 5382 gold pieces.
You spent 535 gold pieces at shops.

Inventory:

Hand Weapons
 c - the +8 eveningstar of Lopykher (weapon) {drain, +Blink Will+}
   (You acquired it on level 12 of the Dungeon)

   A truly terrible weapon, it drains the life of any living foe it strikes.
   +Blink:    It lets you blink.
   Will:      It increases your willpower.
 Z - the +8 frozen axe "Frostbite" {freezing cloud, *Noise Fly rC+}
   (You acquired it on level 12 of the Dungeon)

   It freezes those it strikes, dealing additional cold damage.
   It can also slow down cold-blooded creatures.
   It occasionally leaves clouds of freezing vapour upon striking a foe.
   It grants immunity to clouds of freezing vapour.
   rC:        It protects you from cold.
   Fly:       It grants you flight.
   *Noise:    It may make noises in combat.
Missiles
 a - 5 atropa-tipped darts
 t - 6 javelins
 E - 4 curare-tipped darts
 K - 4 throwing nets
 N - 59 poisoned darts (quivered)
 P - 3 silver javelins
 V - 4 silver boomerangs
Armour
 e - a +2 pair of gloves of hurling (worn)
 p - a +2 cloak (worn)
 q - a +0 barding of fire resistance (worn)
 R - a +1 hat of willpower (worn)
 S - a +1 plate armour of poison resistance (worn)
 T - a +0 tower shield (worn)
 Y - a +0 plate armour of cold resistance
Jewellery
 I - a +6 ring of dexterity (right hand)
 Q - the amulet "Uffeohipt" (around neck) {Reflect rElec Regen+ Str+3 Int-2 SH+5}
   (You found it on level 8 of the Dungeon)

   [amulet of reflection]

   It reflects blocked missile attacks.
   Str:       It affects your strength (+3).
   Int:       It affects your intelligence (-2).
   rElec:     It insulates you from electricity.
   Regen:     It increases your rate of health regeneration.
   SH:        It affects your SH (+5).
 U - a ring of protection from fire (left hand)
Wands
 b - a wand of roots (14)
 i - a wand of flame (21)
 v - a wand of charming (30)
 y - a wand of mindburst (41)
 W - a wand of polymorph (6)
 X - a wand of light (21)
Scrolls
 f - 8 scrolls of fear
 h - 5 scrolls of enchant armour
 j - 3 scrolls of summoning
 m - 5 scrolls of poison
 n - 7 scrolls of teleportation
 r - 8 scrolls of vulnerability
 u - 5 scrolls of blinking
 A - 4 scrolls of magic mapping
 D - 2 scrolls of enchant weapon
 G - 4 scrolls of butterflies
 H - 6 scrolls of silence
 J - 4 scrolls of immolation
Potions
 d - 3 potions of might
 g - 6 potions of invisibility
 l - 5 potions of brilliance
 s - 11 potions of curing
 w - 8 potions of mutation
 x - 5 potions of haste
 z - 6 potions of lignification
 B - 2 potions of berserk rage
 C - 2 potions of cancellation
 F - 8 potions of flight
 M - 7 potions of attraction
 O - 4 potions of magic
Miscellaneous
 k - a condenser vane (inert)
 L - a tin of tremorstones (inert)


   Skills:
 + Level 14.4 Fighting
 + Level 14.6(17.6) Axes
 + Level 16.1(18.3) Maces & Flails
 + Level 6.1 Throwing
 + Level 12.7 Armour
 - Level 5.0 Dodging
 + Level 11.9 Shields
 + Level 10.2 Invocations
 + Level 7.0 Evocations


You had 17 spell levels left.
You didn't know any spells.
Your spell library contained the following spells:

 Spells                   Type           Power      Damage    Failure   Level
 Apportation              Tloc           0%         N/A       100%        1
 Magic Dart               Conj           0%         1d3       100%        1
 Sandblast                Erth           0%         2d4       100%        1
 Sting                    Tmut/Pois      0%         1d3       100%        1
 Summon Small Mammal      Summ           0%         N/A       100%        1
 Call Imp                 Summ           0%         N/A       100%        2
 Ensorcelled Hibernation  Hex/Ice        0%         N/A       100%        2
 Passwall                 Tmut/Erth      0%         N/A       100%        2
 Call Canine Familiar     Summ           0%         N/A       100%        3
 Conjure Flame            Conj/Fire      0%         6-21      100%        3
 Ignite Poison            Fire/Tmut/Pois 0%         N/A       100%        3
 Mephitic Cloud           Conj/Pois/Air  0%         N/A       100%        3
 Portal Projectile        Hex/Tloc       0%         N/A       100%        3
 Spider Form              Tmut/Pois      0%         N/A       100%        3
 Stone Arrow              Conj/Erth      0%         3d7       100%        3
 Summon Guardian Golem    Hex/Summ       0%         N/A       100%        3
 Tukima's Dance           Hex            0%         N/A       100%        3
 Anguish                  Hex/Necr       0%         N/A       100%        4
 Iskenderun's Mystic Bla  Conj/Tloc      0%         2d3       100%        4
 Leda's Liquefaction      Hex/Erth       0%         N/A       100%        4
 Passage of Golubria      Tloc           0%         N/A       100%        4
 Sticky Flame             Conj/Fire      0%         2d3       100%        4
 Summon Ice Beast         Ice/Summ       0%         N/A       100%        4
 Alistair's Intoxication  Tmut/Pois      0%         N/A       100%        5
 Blade Hands              Tmut           0%         N/A       100%        5
 Fireball                 Conj/Fire      0%         3d3       100%        5
 Freezing Cloud           Conj/Ice/Air   0%         6-21      100%        5
 Irradiate                Conj/Tmut      0%         3d11      100%        5
 Iskenderun's Battlesphe  Conj           0%         2d6       100%        5
 Lee's Rapid Deconstruct  Erth           0%         3d5*      100%        5
 Metabolic Englaciation   Hex/Ice        0%         N/A       100%        5
 Silence                  Hex/Air        0%         N/A       100%        5
 Summon Mana Viper        Hex/Summ       0%         N/A       100%        5
 Conjure Ball Lightning   Conj/Air       0%         3x3d6     100%        6
 Dispersal                Tloc           0%         N/A       100%        6
 Statue Form              Tmut/Erth      0%         N/A       100%        6
 Dragon Form              Tmut           0%         N/A       100%        7
 Monstrous Menagerie      Summ           0%         N/A       100%        7
 Orb of Destruction       Conj           0%         9d5       100%        7
 Disjunction              Tloc           0%         N/A       100%        8
 Lehudib's Crystal Spear  Conj/Erth      0%         10d2      100%        8


Dungeon Overview and Level Annotations

Branches:
Dungeon (13/15)            Temple (1/1) D:5            Lair (5/5) D:9
 Shoals (4/4) Lair:2        Snake (4/4) Lair:3        Slime (0/5) Lair:5
    Orc (2/2) D:12            Elf (2/3) Orc:2        Vaults (0/5) D:13
  Sewer (visited)          Bailey (visited)

Altars:
Ashenzari
Cheibriados
Dithmenos
Elyvilon
Fedhas
Gozag
Hepliaklqana
Kikubaaqudgha
Makhleb
Nemelex Xobeh
Okawaru
Qazlal
Ru
Sif Muna
Trog
Uskayaw
Vehumet
Wu Jian
Xom
Yredelemnul
Zin
The Shining One
Jiyva

Shops:
D:3 (   Orc:2 ==[[(   Shoals:2 =   Snake:3 =[[:

Portals:
Hell: Lair:5

Annotations:
Shoals:4 2 runed translucent doors, SnakkuSnakku7's ghost, adept MiWr


Innate Abilities, Weirdness & Mutations

You are completely covered in rugged brown scales. (AC +3, +7% HP)
You have supernaturally acute eyesight. (SInv)
Armour fits poorly on your strangely shaped body.
You can roll at nearby foes to attack.
You have a long armoured tail.
You curl defensively after being hit. (AC +7*)
You expend magic power (3 MP) to strengthen your wands.


Message History

Your resistance to cold fades away.
You feel protected from physical attacks.
The +0 flail of pain is engulfed in freezing vapours.
The +0 flail of pain hits you but does no damage.
The +0 long sword of holy wrath hits you but does no damage.
The +0 morningstar of draining hits you!
* * * LOW HITPOINT WARNING * * *
You feel drained.
* * * LOW HITPOINT WARNING * * *
The deep elf zephyrmancer points at you and mumbles some strange words.
The bolt of lightning hits the +0 flail of pain.
The +0 flail of pain completely resists.
The bolt of lightning hits you! You resist.
* * * LOW HITPOINT WARNING * * *
The bolt of lightning misses the +2 dire flail of protection.
Press: ? - help, v - describe, . - travel
Here: a deep elf blademaster, wielding two +0 rapiers and wearing a +2 leather armour of poison resistance (poison gas, heavily wounded, lightly drained)
The floor.
Press: ? - help, v - describe, . - travel
Here: a +0 flail of pain (severely damaged)
The floor.
Press: ? - help, v - describe, . - travel
Here: a +0 flail of pain (severely damaged)
The floor.
You completely miss the +0 flail of pain.
The +0 flail of pain is severely damaged.
You block the deep elf blademaster's attack.
The deep elf blademaster hits you with a +0 rapier!
* * * LOW HITPOINT WARNING * * *
You feel more protected from physical attacks.
The +2 dire flail of protection hits you!
* * * LOW HITPOINT WARNING * * *
You feel more protected from physical attacks.
You block the +3 war axe of flaming's attack.
The +0 flail of pain completely misses you.
You block the +0 long sword of holy wrath's attack.
You block the deep elf blademaster's attack.
The deep elf blademaster hits you but does no damage.
The +0 morningstar of draining hits you.
You die...

'.##.........# ..
'.'#.)......## ##.......
##'..........###........
##.......§§§............
###).....§§§..).........
##.......§§§e...........
###...)......(.☼§.......
# ##.......)...(○.......
# #...#....)..e@(§..# #
#...###......(((§.##
##...## ##...§§§((§##
###.. ....§§.§§).## #
##. .....§§§§§§§.#... #
......§§§.§...... #
.......§§)........ #
.....§§§.e...... #
...............


You could see a deep elf blademaster (drained), a deep elf pyromancer (very
poisoned), a deep elf zephyrmancer (very poisoned) and 7 dancing weapons.

Vanquished Creatures
  Vashnia (Snake:4)
  Frances (Shoals:1)
  Gastronok (D:8)
  Ilsuiw (Shoals:4)
  3 deep elf sorcerers (Elf:1)
  3 nagarajas
  An ironbound preserver (D:13)
  A deep elf demonologist (Elf:1)
  Snorg (Orc:1)
  2 deep elf death magi
  9 merfolk javelineers (Shoals:4)
  Josephine (Shoals:1)
  6 merfolk impalers
  4 salamander tyrants
  2 boulder beetles
  Erolcha (D:11)
  6 hydras
  A hell beast (Lair:5)
  3 centaur warriors
  13 anacondas
  2 two-headed ogres
  Erica (D:9)
  4 merfolk aquamancers
  13 dancing weapons
  3 merfolk avatars (Shoals:4)
  8 naga warriors
  6 death yaks
  16 deep elf knights
  6 orc high priests
  8 shock serpents
  Nergalle (D:12)
  11 naga sharpshooters
  4 skeletal warriors (D:12)
  10 salamander mystics
  2 naga ritualists
  9 sea snakes
  A wizard (Lair:5)
  4 lindwurms (Snake:4)
  13 harpies
  An orc knight (Orc:2)
  19 deep elf pyromancers
  9 deep elf archers
  22 deep elf zephyrmancers
  8 mana vipers
  4 oklob plants
  18 manticores
  An orc sorcerer (Orc:1)
  6 cyclopes
  12 fauns
  30 salamanders
  26 elephants
  4 merfolk sirens
  22 naga magi
  35 black mambas
  8 water nymphs
  5 guardian serpents (Snake:4)
  Joseph (D:9)
  3 torpor snails
  14 cane toads
  4 gargoyles
  An unseen horror (D:12)
  3 kobold demonologists
  7 komodo dragons
  A hellwing (Lair:5)
  4 ice devils (Lair:5)
  4 rime drakes (Lair:5)
  20 merfolk
  2 red devils (Lair:5)
  3 trolls
  5 polar bears
  6 wind drakes
  25 blink frogs
  11 snapping turtles
  18 dream sheep
  13 water elementals
  3 shadows
  5 air elementals (Elf:1)
  3 wyverns
  2 vampires
  6 wraiths
  58 yaks
  4 basilisks
  3 chaos spawn (Elf:1)
  4 fire elementals (Elf:2)
  9 vampire mosquitoes (D:12)
  32 nagas
  3 wargs
  An acid dragon (D:11)
  3 hell hounds (Lair:5)
  18 water moccasins
  A black bear (D:7)
  25 orc warriors
  An ice beast (D:6)
  An ogre (Orc:1)
  19 wolves
  A phantom (D:4)
  3 centaurs
  7 kobold brigands
  6 bullfrogs
  5 scorpions
  A gnoll sergeant (D:6)
  5 earth elementals
  9 wights
  6 killer bees (D:9)
  7 howler monkeys
  6 electric eels
  27 orc priests
  3 hounds
  A gnoll bouda (D:4)
  4 iguanas
  20 orc wizards
  12 gnolls
  18 adders
  7 river rats
  2 white imps
  An ufetubus (D:4)
  12 worms
  4 dart slugs
  58 orcs
  11 ball pythons
  5 endoplasms
  5 giant cockroaches
  15 goblins
  11 hobgoblins
  6 jackals
  9 quokkas
  16 bats
  5 frilled lizards
  32 kobolds
  11 rats
  A spectral orc (D:5)
1111 creatures vanquished.

Vanquished Creatures (collateral kills)
  An anaconda (Snake:1)
  A shock serpent (Snake:4)
  2 naga ritualists
  A guardian serpent (Snake:4)
  A water nymph (Shoals:4)
  A merfolk siren (Shoals:4)
  A snapping turtle (Shoals:4)
8 creatures vanquished.

Vanquished Creatures (others)
  A sea snake (Shoals:4)
  A manticore (Shoals:1)
  A wolf (Lair:2)
  A kobold brigand (D:8)
  3 bushes
  32 fungi
  90 plants
  4 tentacles (Shoals:4)
133 creatures vanquished.

Grand Total: 1252 creatures vanquished

Notes
Turn   | Place    | Note
-------+----------+-------------------------------------------
     0 | D:1      | monsoonserge the Palentonga Fighter began the quest for the
                  | Orb.
     0 | D:1      | Reached XP level 1. HP: 19/19 MP: 1/1
    79 | D:1      | Reached XP level 2. HP: 25/25 MP: 2/2
   341 | D:1      | Reached XP level 3. HP: 30/31 MP: 3/3
   791 | D:2      | Reached XP level 4. HP: 37/37 MP: 4/4
  1274 | D:3      | Reached XP level 5. HP: 38/42 MP: 5/5
  1409 | D:3      | Found a white marble altar of Elyvilon.
  1466 | D:3      | Found a blossoming altar of Fedhas.
  1635 | D:3      | Found Hifiggod's Weapon Shoppe.
  2308 | D:4      | Reached skill level 1 in Dodging
  2315 | D:4      | Reached XP level 6. HP: 12/51 MP: 6/6
  2697 | D:4      | Reached skill level 5 in Axes
  3104 | D:4      | Gained mutation: You curl defensively after being hit. (AC
                  | +7*) [Palentonga growth]
  3104 | D:4      | Reached XP level 7. HP: 39/58 MP: 7/7
  3551 | D:5      | Entered Level 5 of the Dungeon
  3616 | D:5      | Found a glowing drain.
  3638 | Sewer    | Entered a sewer
  3983 | Sewer    | Reached skill level 1 in Throwing
  4868 | D:5      | Reached skill level 5 in Fighting
  5034 | D:5      | Found a staircase to the Ecumenical Temple.
  5039 | Temple   | Entered the Ecumenical Temple
  5338 | D:5      | Found a hazy altar of Hepliaklqana.
  5459 | D:6      | Reached XP level 8. HP: 67/67 MP: 8/8
  5920 | D:6      | Gained mutation: You expend magic power (3 MP) to
                  | strengthen your wands. [potion of mutation]
  6562 | D:6      | Found an ornate altar of the Wu Jian Council.
  6563 | D:6      | Found a basalt altar of Yredelemnul.
  6563 | D:6      | Found a stormy altar of Qazlal.
  6563 | D:6      | Found a shimmering blue altar of Sif Muna.
  6564 | D:6      | Found a glowing golden altar of the Shining One.
  6565 | D:6      | Found a shadowy altar of Dithmenos.
  6571 | D:6      | Became a worshipper of Qazlal Stormbringer
  7169 | D:7      | Reached skill level 1 in Invocations
  7436 | D:7      | Reached skill level 5 in Shields
  7511 | D:7      | Reached skill level 1 in Maces & Flails
  7511 | D:7      | Reached XP level 9. HP: 49/74 MP: 10/10
  7673 | D:7      | Reached skill level 2 in Maces & Flails
  7686 | D:7      | Identified the +0 robe of a bazaar {Int+5 Stlth+}
  8240 | D:8      | Found an iron altar of Okawaru.
  8248 | D:8      | Reached skill level 3 in Maces & Flails
  8329 | D:8      | Identified the amulet "Uffeohipt" {Reflect rElec Regen+
                  | Str+3 Int-2 SH+5}
  8420 | D:8      | Reached * piety under Qazlal
  8448 | D:8      | Found an opulent altar of Gozag.
  8582 | D:8      | Noticed Gastronok
  8594 | D:8      | Killed Gastronok
  8595 | D:8      | Reached skill level 5 in Maces & Flails
  8798 | D:8      | Found a hide-covered altar of Uskayaw.
  8997 | D:9      | Reached XP level 10. HP: 84/84 MP: 13/13
  8999 | D:9      | Reached skill level 6 in Maces & Flails
  9194 | D:9      | Reached skill level 5 in Invocations
  9337 | D:9      | Found a staircase to the Lair.
  9338 | D:9      | Noticed a two-headed ogre
  9343 | D:9      | Killed a two-headed ogre
  9344 | D:9      | Reached skill level 7 in Maces & Flails
  9528 | D:9      | Noticed Erica
  9539 | D:9      | Killed Erica
  9780 | D:9      | Noticed Joseph
  9787 | D:9      | Killed Joseph
  9788 | D:9      | Reached skill level 8 in Maces & Flails
  9843 | D:10     | Entered Level 10 of the Dungeon
  9963 | D:10     | Noticed a two-headed ogre
  9969 | D:10     | Killed a two-headed ogre
 10024 | D:10     | Reached skill level 9 in Maces & Flails
 10126 | D:10     | Found a flagged portal.
 10146 | Bailey   | Entered a bailey
 10162 | Bailey   | Reached ** piety under Qazlal
 10175 | Bailey   | Reached XP level 11. HP: 76/92 MP: 15/15
 10291 | Bailey   | Found an iron altar of Okawaru.
 10555 | Bailey   | Reached *** piety under Qazlal
 10759 | D:11     | Identified the +1 robe of Daiczah {-Tele rF+ Regen+}
 10765 | D:11     | Noticed a boulder beetle
 11437 | D:11     | Noticed Erolcha
 11440 | D:11     | Killed Erolcha
 11441 | D:11     | Reached skill level 10 in Maces & Flails
 11563 | D:11     | Killed a boulder beetle
 11889 | D:12     | Reached skill level 5 in Armour
 12016 | D:12     | Noticed Nergalle
 12032 | D:12     | Killed Nergalle
 12106 | D:12     | Noticed a skeletal warrior
 12106 | D:12     | Noticed a skeletal warrior
 12110 | D:12     | Noticed a skeletal warrior
 12110 | D:12     | Noticed a skeletal warrior
 12376 | D:12     | Found a staircase to the Orcish Mines.
 12436 | D:12     | Acquired the +8 eveningstar of Lopykher {drain, +Blink
                  | Will+}
 12443 | D:12     | Killed a skeletal warrior
 12443 | D:12     | Reached **** piety under Qazlal
 12444 | D:12     | Reached XP level 12. HP: 101/101 MP: 17/17
 12463 | D:12     | Reached skill level 1 in Evocations
 12647 | D:12     | Acquired the +8 frozen axe "Frostbite" {freezing cloud,
                  | *Noise Fly rC+}
 12647 | D:12     | Found the +8 frozen axe "Frostbite" {freezing cloud, *Noise
                  | Fly rC+}
 12655 | D:12     | Acquired 676 gold pieces
 12657 | D:12     | Acquired 888 gold pieces
 12659 | D:12     | Acquired 841 gold pieces
 12691 | D:13     | Noticed a four-headed hydra
 12695 | D:13     | Noticed an ironbound preserver
 12695 | D:13     | Killed a four-headed hydra
 12697 | D:13     | Found a gate to the Vaults.
 12705 | D:13     | Killed an ironbound preserver
 12993 | Lair:1   | Entered Level 1 of the Lair of Beasts
 13285 | Lair:1   | Noticed an eight-headed hydra
 13288 | Lair:1   | Noticed a seven-headed hydra
 13292 | Lair:1   | Reached skill level 10 in Fighting
 13298 | Lair:1   | HP: 4/103 [cane toad (2)]
 13342 | Lair:2   | Reached XP level 13. HP: 45/110 MP: 3/19
 14059 | Lair:2   | Found a staircase to the Shoals.
 14371 | Lair:3   | Reached skill level 10 in Axes
 14921 | Lair:3   | Found a staircase to the Snake Pit.
 15715 | Lair:4   | Reached ***** piety under Qazlal
 16097 | Lair:5   | Entered Level 5 of the Lair of Beasts
 16246 | Lair:5   | Reached XP level 14. HP: 108/118 MP: 20/20
 16790 | Lair:5   | Found a viscous altar of Jiyva.
 16817 | Lair:5   | Found a staircase to the Slime Pits.
 16996 | Lair:5   | Reached skill level 5 in Throwing
 17114 | Lair:5   | Identified the +0 ring mail of the Valley of Death {rF- rN+
                  | Int+4 Dex+7}
 17427 | Lair:5   | Found a burning altar of Makhleb.
 17531 | Lair:5   | Found a gateway to Hell.
 17925 | Shoals:1 | Entered Level 1 of the Shoals
 18050 | Shoals:1 | Reached XP level 15. HP: 122/128 MP: 21/21
 18189 | Shoals:1 | Noticed Frances
 18194 | Shoals:1 | Killed Frances
 18365 | Shoals:1 | Noticed Josephine
 18373 | Shoals:1 | Killed Josephine
 18707 | Snake:1  | Entered Level 1 of the Snake Pit
 18713 | Snake:1  | Reached skill level 10 in Armour
 18733 | Snake:1  | Reached skill level 11 in Maces & Flails
 19379 | Shoals:2 | Found Exzog's Jewellery Emporium.
 19841 | Shoals:3 | Reached skill level 10 in Invocations
 19861 | Shoals:3 | Reached skill level 5 in Evocations
 20329 | Shoals:4 | Entered Level 4 of the Shoals
 20420 | Shoals:4 | Found a large runed translucent door.
 20420 | Shoals:4 | Found a large runed translucent door.
 20434 | Shoals:4 | Noticed SnakkuSnakku7's ghost (adept MiWr)
 20574 | Shoals:3 | Reached ****** piety under Qazlal
 20682 | Shoals:4 | Reached XP level 16. HP: 123/135 MP: 23/23
 21035 | Shoals:3 | Reached skill level 12 in Maces & Flails
 21312 | Shoals:4 | Noticed Ilsuiw
 21339 | Shoals:4 | Killed Ilsuiw
 21415 | Shoals:4 | Noticed a kraken
 21455 | Shoals:4 | Got a barnacled rune of Zot
 21638 | Shoals:4 | Got Ciapedd's Handbook of the Figure and the Excursion
 22570 | Snake:2  | Reached skill level 13 in Maces & Flails
 22791 | Snake:2  | Got Sif Muna's Precepts of Mutated Spellbinding
 23168 | Snake:3  | Found Usistra's Armour Emporium.
 23168 | Snake:3  | Found Erud's Antique Armour Shoppe.
 23169 | Snake:3  | Found Byrun's Book Emporium.
 23171 | Snake:3  | Found Xoetteor's Jewellery Shoppe.
 23208 | Snake:3  | Bought a runed cloak for 292 gold pieces
 23271 | Snake:3  | Reached XP level 17. HP: 139/144 MP: 24/24
 24288 | Snake:4  | Entered Level 4 of the Snake Pit
 24503 | Snake:4  | Noticed Vashnia
 24605 | Snake:4  | Reached skill level 14 in Maces & Flails
 24621 | Snake:4  | Killed Vashnia
 24793 | Snake:4  | Reached skill level 10 in Shields
 25525 | Snake:4  | Reached skill level 5 in Dodging
 25579 | Snake:4  | Got a serpentine rune of Zot
 26474 | Orc:1    | Entered Level 1 of the Orcish Mines
 26543 | Orc:2    | Entered Level 2 of the Orcish Mines
 26574 | Orc:1    | Noticed Snorg
 26581 | Orc:1    | Killed Snorg
 26582 | Orc:1    | Reached XP level 18. HP: 143/154 MP: 25/25
 27128 | Orc:2    | Found a staircase to the Elven Halls.
 27145 | Orc:2    | Reached skill level 15 in Maces & Flails
 27267 | Orc:2    | Found Archeev's Jewellery Shop.
 27425 | Orc:2    | Found Ipninlaf's Armour Shop.
 27425 | Orc:2    | Found Doezy's Jewellery Shop.
 27428 | Orc:2    | Found Sylic's Armour Boutique.
 27430 | Orc:2    | Found Hiodois's Antique Weapon Boutique.
 27771 | Orc:2    | Bought a pitted broad axe for 243 gold pieces
 27771 | Orc:2    | Identified the +5 broad axe of Flawed Execution {vorpal,
                  | *Corrode MP+9 Str+4 Dex+7} (You bought it in a shop on
                  | level 2 of the Orcish Mines)
 27808 | Elf:1    | Entered Level 1 of the Elven Halls
 28380 | Elf:1    | Paralysed by an air elemental for 1 turns
 28446 | Elf:1    | Paralysed by an air elemental for 1 turns
 29065 | Elf:2    | Found a runed translucent gate.
 29065 | Elf:2    | Found a runed translucent gate.
 29065 | Elf:2    | Found a runed translucent gate.
 29197 | Elf:2    | Reached skill level 16 in Maces & Flails
 29751 | Elf:2    | HP: 1/231 [+2 dire flail of protection (16)]
 29751 | Elf:2    | Slain by a +0 morningstar of draining

Illustrated notes

Levels and vault maps discovered:
D:1:      beargit_arrival_greenhouse, layout_rooms,
          chequers_serial_rivers_micro_e
D:2:      layout_basic
D:3:      layout_basic, elyvilon_altar_1, mainiacjoe_overflow_surrounded_room,
          serial_aquarium, aquarium_bridge_square [aquarium_subvault_bridge,
          aquarium_subvault_bridge, aquarium_subvault_bridge,
          aquarium_subvault_bridge], aquarium_window_1, aquarium_window_corner,
          aquarium_window_2, aquarium_window_fake, aquarium_view_2g,
          aquarium_pool_2, serial_shops, nicolae_shop_bloodbath_and_beyond,
          amcnicky_mini_pool_small, st_stairs_1
D:4:      layout_loops_cross
D:5:      layout_basic, nicolae_hepliaklqana_monster_ancestors, temple_doors_ab,
          lightli_sewer_entry_pipes
D:6:      layout_basic, minitemple, serial_corexii_hall,
          chequers_hall_statues_wall_a, corexii_hall_statues_i,
          corexii_hall_statues_t, chequers_hall_statues_wall_a,
          kennysheep_flooded_box
D:7:      layout_basic
D:8:      layout_gridville, grunt_gozag_statues, overflow_temple_1_default,
          nicolae_uskayaw_dance_studio, amethyst_killhole, uniq_gastronok
D:9:      layout_basic, dpeg_oklobed_lair, chequers_serial_rivers_marsh,
          uniq_joseph, uniq_erica
D:10:     layout_basic, enter_bailey_7
D:11:     layout_grid_maze, uniq_erolcha
D:12:     layout_gridville, hiddenorc1_lemuel, minivault_5, uniq_nergalle
D:13:     minmay_the_grid_square_5x5_5x5_mashed
          [minmay_the_grid_square_5x5_inner_i, minmay_the_grid_square_5x5_meh,
          minmay_the_grid_square_5x5_dogpile,
          minmay_the_grid_square_5x5_pentomino_r,
          minmay_the_grid_square_5x5_mess, minmay_the_grid_square_5x5_inset,
          minmay_the_grid_square_5x5_prize_itemx,
          minmay_the_grid_square_5x5_tetrominoes,
          minmay_the_grid_square_5x5_prize_snowflake,
          minmay_the_grid_square_5x5_minimal,
          minmay_the_grid_square_5x5_intrusive_squares,
          minmay_the_grid_square_5x5_bite,
          minmay_the_grid_square_5x5_prize_junk,
          minmay_the_grid_square_5x5_shuriken,
          minmay_the_grid_square_5x5_doubleslash,
          minmay_the_grid_square_5x5_fat_x,
          minmay_the_grid_square_5x5_prize_monsterx,
          minmay_the_grid_square_5x5_gyroscope,
          minmay_the_grid_square_5x5_prize_waves,
          minmay_the_grid_square_5x5_inner_v,
          minmay_the_grid_square_5x5_hourglass,
          minmay_the_grid_square_5x5_bridge, minmay_the_grid_square_5x5_plus,
          minmay_the_grid_square_5x5_z, minmay_the_grid_square_5x5_trominoes],
          layout_basic, skrybe_vaults_entry_preservation
Temple:   compressed_dpeg_circular_temple
Lair:1:   layout_regular_city, chequers_serial_rivers_small_3,
          beast_lair_carwin_7, grunt_megastairs_4
Lair:2:   layout_cave_pods, shoals_dummy_entry
Lair:3:   layout_cellular_growth, dummy_snake_entry
Lair:4:   layout_gridlike
Lair:5:   evil_forest, layout_gridlike, minmay_slime_entry_oklob_enclosed
Shoals:1: layout_shoals, uniq_josephine, uniq_frances
Shoals:2: layout_shoals, serial_shops, nicolae_shop_advertising_works
          [nicolae_subvault_shop_adworks], nicolae_shoals_lost_giant_temple
Shoals:3: layout_shoals
Shoals:4: shoals_end_simple, layout_shoals, shoals_ilsuiw_ice,
          ebering_ghost_disaster_area
Snake:1:  layout_rooms, portal_ice_cave_entry_pillars_1, grunt_megastairs_2
Snake:2:  layout_rooms
Snake:3:  layout_chambers, serial_bayou_crossing, grunt_megastairs_3,
          lemuel_fruit_tree, minmay_shoptagon
Snake:4:  snake_pit_salamanders_mu, layout_rooms, nicolae_fountain_basement,
          uniq_vashnia
Orc:1:    layout_caves, uniq_snorg
Orc:2:    st_orc_mages, layout_caves, serial_shops, shop_fountains,
          nicolae_orc_rockfall, abandoned_shop
Elf:1:    eino_elf_arrival_sip, layout_geoelf_octagon, evilmike_minifort,
          nicolae_elf_free_trip_to_the_abyss
Elf:2:    elven_hall_of_blades_hangedman_original [mumra_blade_entry_bloodbath],
          layout_gridlike, nicolae_elf_crossing_hall

Skill      XL: |  1  2  3  4  5  6  7  8  9 10 11 12 13 14 15 16 17 18 |
---------------+-------------------------------------------------------+-----
Armour         | 3 4 5 7 8 9 10 11 12 | 12.7
Axes           | 3 4 5 6 8 11 13 14 | 14.6
Shields        | 3 4 5 6 7 8 10 11 | 11.9
Dodging        | 1 2 3 4 5 |  5.0
Fighting       | 4 5 6 7 8 9 10 11 12 13 14 | 14.4
Throwing       | 1 2 4 5 6 |  6.1
Invocations    | 2 4 6 7 8 9 10 | 10.2
Maces & Flails | 1 5 9 10 11 13 14 16 | 16.1
Evocations     | 1 2 3 5 7 |  7.0

Action                   |  1- 3 |  4- 6 |  7- 9 | 10-12 | 13-15 | 16-18 || total
-------------------------+-------+-------+-------+-------+-------+-------++-------
Melee: War axe           |    78 |   130 |   253 |       |       |       ||   461
       Tailslap          |     6 |    13 |    49 |    65 |    96 |   189 ||   418
       Mace              |       |       |   127 |     4 |       |       ||   131
       Morningstar       |       |       |       |   335 |       |       ||   335
       Eveningstar       |       |       |       |    31 |   219 |  1071 ||  1321
       Executioner's axe |       |       |       |    85 |   321 |    23 ||   429
Throw: Stone             |     6 |     5 |    17 |       |       |       ||    28
       Boomerang         |       |     3 |    26 |    45 |   100 |    17 ||   191
       Dart              |       |       |       |    15 |     9 |     8 ||    32
       Javelin           |       |       |       |       |       |    15 ||    15
Invok: Upheaval          |       |       |       |     1 |     6 |    11 ||    18
       Elemental Force   |       |       |       |     1 |     3 |     2 ||     6
 Abil: Rolling Charge    |    20 |    30 |    53 |    76 |   127 |   229 ||   535
       Evoke Blink       |       |       |       |     3 |     1 |     6 ||    10
Evoke: Wand              |       |       |       |     6 |     2 |       ||     8
       Condenser vane    |       |       |       |       |     2 |     4 ||     6
       Tin of tremorston |       |       |       |       |       |     3 ||     3
  Use: Scroll            |       |       |     9 |     9 |     7 |     8 ||    33
       Potion            |       |       |     1 |    10 |     3 |     7 ||    21
 Stab: Sleeping          |       |       |     1 |       |       |       ||     1
       Held in net/web   |       |       |     1 |       |       |       ||     1
       Invisible         |       |       |       |       |     2 |       ||     2
       Confused          |       |       |       |       |       |     2 ||     2
       Petrifying        |       |       |       |       |       |     1 ||     1
Armor: Scale mail        |    49 |    49 |       |       |       |       ||    98
       Leather armour    |       |    14 |    85 |       |       |       ||    99
       Robe              |       |       |    74 |    47 |       |       ||   121
       Plate armour      |       |       |       |   129 |   304 |   341 ||   774
Dodge: Dodged            |    28 |    34 |   141 |   111 |   149 |    97 ||   560
       Repelled          |       |       |       |       |     6 |    20 ||    26
Block: Buckler           |    17 |    44 |   185 |   116 |       |       ||   362
       Reflection        |       |       |     6 |     7 |    40 |   125 ||   178
       Kite shield       |       |       |       |   108 |   263 |   350 ||   721
       Other             |       |       |       |    62 |   197 |     7 ||   266
       Tower shield      |       |       |       |       |       |   874 ||   874
